 Dungeon Crawl Stone Soup version 0.24-a0-201-gf2055891f0 (webtiles) character file.

Game seed: 13072010051355492913

238 whodunnit the Grave Robber (level 6, -15/43 HPs)
             Began as a Human Necromancer on Mar 22, 2019.
             Demolished by Crazy Yiuf the gnoll zombie
             ... wielding a +4 quarterstaff of chaos
             ... animated by the player character
              (20 damage)
             ... on level 2 of the Dungeon.
             The game lasted 00:20:47 (2321 turns).

whodunnit the Grave Robber (Human Necromancer)      Turns: 2321, Time: 00:20:48

Health: -15/43     AC:  3    Str:  8    XL:     6   Next: 28%
Magic:  11/11      EV: 12    Int: 17    God:
Gold:   88         SH:  0    Dex: 14    Spells: 3/12 levels left

rFire    . . .     SeeInvis .   t - +0 dagger (holy)
rCold    . . .     Gourm    .   (no shield)
rNeg     . . .     Faith    .   a - +0 robe
rPois    .         Spirit   .   (no helmet)
rElec    .         Reflect  .   l - +0 cloak
rCorr    .         Harm     .   (no gloves)
MR       .....                  (no boots)
Stlth    ++........             (no amulet)
HPRegen  0.14/turn              (no ring)
MPRegen  0.12/turn              (no ring)

@: lethally poisoned (-15 -> -17), lightly drained
A: no striking features
a: no special abilities


You were on level 2 of the Dungeon.
You were not hungry.

You visited 1 branch of the dungeon, and saw 2 of its levels.

You collected 88 gold pieces.

Inventory:

Hand Weapons
 o - a +0 whip
 t - a +0 dagger of holy wrath (weapon)
Missiles
 b - 9 arrows
 h - 7 tomahawks (quivered)
 k - 58 stones
Armour
 a - a +0 robe (worn)
 l - a +0 cloak (worn)
Wands
 r - a wand of random effects (22)
Scrolls
 e - a scroll of teleportation {unknown}
 g - a scroll of remove curse {unknown}
 i - a scroll of random uselessness {unknown}
 q - 2 scrolls of identify {unknown}
Potions
 d - a potion of agility {unknown}
 f - a potion of magic {unknown}
 j - a potion of heal wounds
 n - a potion of might {unknown}
 p - a potion of cancellation {unknown}
Comestibles
 c - a ration


   Skills:
 + Level 1.1(0.6) Fighting
 + Level 0.5(0.0) Short Blades
 + Level 2.3(1.8) Dodging
 + Level 2.3(1.8) Stealth
 - Level 0.2(0.0) Unarmed Combat
 + Level 3.8(3.3) Spellcasting
 + Level 5.5(5.0) Necromancy


You had 3 spell levels left.
You knew the following spells:

 Your Spells              Type           Power        Failure   Level  Hunger
a - Pain                  Necr           ###.         2%          1    None
b - Animate Skeleton      Necr           N/A          2%          1    None
c - Vampiric Draining     Necr           ###.......   6%          3    ###....
d - Animate Dead          Necr           N/A          22%         4    ####...

Your spell library contained the following spells:

 Spells                   Type           Power        Failure   Level  Hunger
 Regeneration             Chrm/Necr      ##........   19%         3    ###....


Dungeon Overview and Level Annotations

Branches:
Dungeon (2/15)

Altars:


Message History

Crazy Yiuf barely misses you.
You hit Crazy Yiuf but do no damage.
Crazy Yiuf is severely damaged.
You hit Crazy Yiuf but do no damage.
Crazy Yiuf is severely damaged.
Crazy Yiuf hits you with a +4 quarterstaff of chaos.
You hit Crazy Yiuf but do no damage.
Crazy Yiuf is severely damaged.
You feel sick.
Crazy Yiuf hits you with a +4 quarterstaff of chaos!
* * * LOW HITPOINT WARNING * * *
You feel drained.
You hit Crazy Yiuf.
Crazy Yiuf convulses.
Crazy Yiuf is almost destroyed.
You completely miss Crazy Yiuf.
Crazy Yiuf is almost destroyed.
Crazy Yiuf hits you with a +4 quarterstaff of chaos.
* * * LOW HITPOINT WARNING * * *
You are electrocuted!!
You die...

##........# #.#
##........# #.#
........######.#####
...#...............#
...................#
..##...............#
#..................#
###................#####
###............Z@......#
..##................<..#
...#...................#
..............#........##
....######...#......[...##
....# ###.#...........#
...#########.............#
.[..(....................#
..).##########...........#


You could see Crazy Yiuf the gnoll zombie.

Vanquished Creatures
  Sigmund (D:2)
  Crazy Yiuf (D:2)
  Terence (D:2)
  Robin (D:2)
  An adder (D:2)
  An ooze (D:2)
  A dart slug (D:2)
  A leopard gecko (D:1)
  11 goblins
  6 hobgoblins
  7 jackals
  3 kobolds
  A ball python (D:1)
  3 bats
  4 frilled lizards
  3 rats
46 creatures vanquished.

Vanquished Creatures (collateral kills)
  2 goblins (D:2)
  A jackal (D:1)
3 creatures vanquished.

Grand Total: 49 creatures vanquished

Notes
Turn   | Place    | Note
-------+----------+-------------------------------------------
     0 | D:1      | whodunnit the Human Necromancer began the quest for the
                  | Orb.
     0 | D:1      | Reached XP level 1. HP: 13/13 MP: 3/3
    35 | D:1      | Learned a level 1 spell: Animate Skeleton
   246 | D:1      | Reached XP level 2. HP: 12/19 MP: 0/5
   932 | D:2      | Reached XP level 3. HP: 17/25 MP: 2/6
   974 | D:2      | Learned a level 3 spell: Vampiric Draining
  1051 | D:2      | Noticed Sigmund
  1051 | D:2      | Noticed Robin
  1052 | D:2      | Noticed Terence
  1192 | D:2      | Killed Terence
  1192 | D:2      | Reached XP level 4. HP: 16/31 MP: 0/8
  1625 | D:2      | Killed Sigmund
  1625 | D:2      | Reached skill level 1 in Fighting
  1625 | D:2      | Reached skill level 5 in Necromancy
  1625 | D:2      | Reached XP level 5. HP: 30/37 MP: 1/10
  1797 | D:2      | Reached XP level 6. HP: 33/43 MP: 5/11
  1809 | D:2      | Killed Robin
  2066 | D:2      | Found a runed translucent door.
  2067 | D:2      | Noticed Crazy Yiuf
  2082 | D:2      | Killed Crazy Yiuf
  2161 | D:2      | Learned a level 4 spell: Animate Dead
  2321 | D:2      | Demolished by Crazy Yiuf the gnoll zombie

Levels and vault maps discovered:
D:1:      sevenhm_arrival_forest_fort_small_3, layout_basic
D:2:      layout_rooms, uniq_terence, uniq_crazy_yiuf_cottage, uniq_robin,
          uniq_sigmund

Skill      XL: |  1  2  3  4 |
---------------+-------------+-----
Fighting       | 1 |  1.1
Spellcasting   | 3 |  3.8
Necromancy     | 5 |  5.5
Short Blades   | |  0.5
Dodging        | |  2.3
Stealth        | |  2.3
Unarmed Combat | |  0.2

Action                   |  1- 3 |  4- 6 || total
-------------------------+-------+-------++-------
Melee: Unarmed           |    13 |       ||    13
       Dagger            |     6 |    22 ||    28
Throw: Tomahawk          |     2 |     3 ||     5
 Cast: Pain              |    32 |    28 ||    60
       Animate Skeleton  |    10 |    10 ||    20
       Vampiric Draining |     2 |     8 ||    10
       Animate Dead      |       |     1 ||     1
  Use: Potion            |       |     1 ||     1
 Stab: Sleeping          |     1 |       ||     1
       Distracted        |     1 |       ||     1
       Betrayed ally     |       |     1 ||     1
  Eat: Chunk             |     2 |     4 ||     6
Armor: Robe              |     4 |    10 ||    14
Dodge: Dodged            |    13 |    21 ||    34

Table legend:
 A = Non-vault XP
 B = Vault XP
 C = Vault XP percentage of total XP
 D = Non-vault monster count
 E = Vault monster count
 F = Vault count percentage of total count
                 A         B        C        D         E       F
            +---------+---------+-------+---------+---------+-------
      Total |      75 |     266 |  78.0 |      34 |      15 |  30.6
            +---------+---------+-------+---------+---------+-------
        D:1 |      22 |       2 |   8.3 |      13 |       1 |   7.1
        D:2 |      53 |     264 |  83.3 |      21 |      14 |  40.0
            +---------+---------+-------+---------+---------+-------
